AoeStats
← [Massa] Edo

African Clearing

510667454Analyzed
3v3 RM · 7h ago on Oct 2, 2026· 87m 32s· 6 players
Game mode
Random Map
Map size
Normal (6 player)
Population
200
Speed
Normal
Resources
Standard
Victory
Conquest
Starting age
Dark Age
Ending age
Imperial Age
RankedLock teamsTeams togetherTeam positionsShared explorationLock speedFull tech treeHidden civsTurbo modeCheats
Victory
Defeat
🇧🇷 Vikings · Brazil
1406
+13
🇧🇷 Mongols · Brazil
1402
+13
🇺🇸 Koreans · United States
1399
+14
🇭🇰 Japanese · Hong Kong SAR China
1451
-18
🇦🇹 Danes · Austria
1344
-13
🇦🇷 Magyars · Argentina
1240
-9
SlopMasta
6:58 Loom
11:13 Feudal Age
11:47 Double-Bit Axe
16:59 Castle Age
18:10 Bow Saw
18:29 Squires
19:47 Wheelbarrow
19:47 Horse Collar
20:34 Heavy Plow
21:34 Scale Mail Armor
22:46 Gambesons
24:00 Town Watch
25:27 Forging
27:38 Arson
31:57 Hand Cart
33:46 Fletching
34:29 Chain Mail Armor
34:36 Elite Skirmisher
37:00 Fletching
38:11 Sanctity
39:50 Bodkin Arrow
39:55 Padded Archer Armor
41:00 Padded Archer Armor
42:22 Gold Mining
42:22 Stone Mining
44:04 Leather Archer Armor
44:27 Ballistics
47:29 Imperial Age
56:14 Bracer
58:39 Capped Ram
61:05 Ring Archer Armor
62:38 Chemistry
63:14 Conscription
65:20 Thumb Ring
66:55 Hoardings
67:36 Pikeman
71:32 Siege Engineers
73:59 Iron Casting
74:36 Murder Holes
74:53 Masonry
80:44 Plate Mail Armor
Garrón Husita
3:03 Loom
3:10 Loom
11:44 Feudal Age
20:30 Wheelbarrow
24:06 Castle Age
23:19 Scale Barding Armor
23:42 Bloodlines
35:15 Fletching
37:28 Husbandry
38:57 Double-Bit Axe
42:19 Bodkin Arrow
44:05 Padded Archer Armor
44:32 Ballistics
45:16 Thumb Ring
47:19 Leather Archer Armor
51:12 Imperial Age
50:07 Bow Saw
49:38 Horse Collar
51:44 Hand Cart
51:41 Gold Mining
51:45 Stone Mining
52:25 Bracer
53:34 Chemistry
54:23 Conscription
54:28 Town Watch
56:03 Parthian Tactics
56:48 Ring Archer Armor
56:46 Heavy Cavalry Archer
57:40 Recurve Bow
58:47 Corvinian Army
60:25 Chain Barding Armor
60:36 Light Cavalry
62:20 Two-Man Saw
61:21 Heavy Plow
61:57 Gold Shaft Mining
62:08 Plate Barding Armor
63:49 Hussar
65:34 Treadmill Crane
king00005
11:12 Loom
13:36 Feudal Age
14:35 Double-Bit Axe
14:43 Double-Bit Axe
14:53 Double-Bit Axe
17:18 Castle Age
17:52 Fletching
18:26 Bow Saw
24:20 Ballistics
24:46 Light Cavalry
25:39 Bloodlines
26:21 Padded Archer Armor
26:19 Bodkin Arrow
26:53 Padded Archer Armor
27:44 Wheelbarrow
27:35 Horse Collar
28:40 Padded Archer Armor
31:48 Thumb Ring
34:06 Hand Cart
36:12 Leather Archer Armor
36:08 Forging
40:34 Imperial Age
39:35 Clinker Construction
39:50 Gold Mining
41:03 Husbandry
41:41 Bracer
42:01 Heavy Plow
42:46 Clinker Construction
43:31 Ring Archer Armor
43:53 Parthian Tactics
47:43 Chemistry
47:19 Conscription
47:23 Kataparuto
48:06 Kataparuto
48:35 Elite Skirmisher
48:42 Crossbowman
50:22 Husbandry
50:33 Clinker Construction
49:58 Heavy Cavalry Archer
51:41 Clinker Construction
52:31 Scale Mail Armor
53:47 Gold Shaft Mining
55:02 Carvel Hull
55:43 Carvel Hull
61:15 Masonry
65:02 Two-Man Saw
67:02 Squires
69:06 Light Cavalry
69:52 Scale Barding Armor
72:29 Chain Barding Armor
72:45 Iron Casting
73:56 Siege Engineers
74:02 Masonry
76:29 Blast Furnace
el_Feist
6:23 Loom
13:29 Feudal Age
15:34 Double-Bit Axe
18:00 Castle Age
16:26 Double-Bit Axe
19:42 Fletching
21:53 Bodkin Arrow
24:22 Bow Saw
24:40 Ballistics
37:56 Imperial Age
38:54 Husbandry
40:04 Chemistry
39:44 Horse Collar
45:41 Wheelbarrow
46:13 Gold Mining
47:59 Town Watch
49:32 Bracer
50:06 Elite War Wagon
55:32 Conscription
54:46 Elite Skirmisher
57:06 Hand Cart
57:04 Stone Mining
58:20 Husbandry
59:35 Eupseong
61:56 Scale Mail Armor
65:04 Chain Mail Armor
64:51 Squires
66:22 Bow Saw
65:47 Elite Fire Lancer
66:46 Arrowslits
68:39 Coinage
73:31 Plate Mail Armor
73:12 Forging
77:03 Iron Casting
79:21 Heavy Rocket Cart
82:10 Masonry
82:05 Siege Engineers
81:41 Treadmill Crane
81:58 Murder Holes
82:51 Caravan
82:37 Pikeman
85:50 Architecture
86:54 Stone Shaft Mining
86:55 Gold Shaft Mining
86:03 Halberdier
[Massa] Edo
9:18 Loom
11:34 Feudal Age
12:02 Double-Bit Axe
15:32 Fletching
16:39 Horse Collar
23:10 Wheelbarrow
23:32 Town Watch
28:30 Castle Age
26:33 Gold Mining
28:04 Bloodlines
28:31 Padded Archer Armor
29:58 Bodkin Arrow
30:19 Bow Saw
30:45 Husbandry
31:18 Leather Archer Armor
34:06 Ballistics
36:35 Thumb Ring
39:45 Hand Cart
39:55 Nomads
44:45 Murder Holes
47:39 Imperial Age
48:30 Bracer
49:19 Conscription
50:39 Chemistry
51:13 Heavy Plow
51:49 Gold Shaft Mining
51:06 Stone Mining
52:09 Parthian Tactics
55:09 Siege Engineers
56:18 Elite Skirmisher
62:25 Light Cavalry
63:14 Scale Barding Armor
63:19 Forging
66:05 Iron Casting
66:29 Chain Barding Armor
65:32 Hussar
69:12 Blast Furnace
70:02 Elite Mangudai
tg
11:01 Loom
13:04 Feudal Age
13:44 Double-Bit Axe
24:46 Castle Age
24:52 Forging
24:49 Light Cavalry
26:18 Horse Collar
26:53 Bow Saw
30:57 Fletching
33:08 Guard Tower
33:39 Ballistics
34:15 Ballistics
35:49 Bodkin Arrow
35:55 Padded Archer Armor
37:53 Gold Mining
44:49 Imperial Age
43:16 Town Watch
44:37 Leather Archer Armor
44:22 Horse Collar
45:45 Scale Mail Armor
45:11 Capped Ram
46:50 Gold Shaft Mining
46:05 Stone Mining
47:54 Chain Mail Armor
49:33 Plate Mail Armor
48:25 Elite Berserk
51:30 Two-Man Saw
50:31 Heavy Plow
51:11 Iron Casting
51:04 Conscription
53:20 Blast Furnace
52:22 Squires
52:08 Arson
53:05 Bracer
53:36 Ring Archer Armor
54:36 Masonry
55:27 Ring Archer Armor
54:58 Elite Skirmisher
57:54 Chemistry
57:24 Architecture
60:58 Crop Rotation
60:36 Crossbowman
60:54 Siege Ram
62:29 Hoardings
61:37 Treadmill Crane
62:19 Onager
64:43 Coinage
67:50 Siege Engineers
75:17 Chieftains
76:27 Elite Varangian Guard
Connection lost

Rejoining the realm…

Still unreachable

The connection could not be restored.

Session expired

The server has moved on; the page needs a fresh start.